 Dungeon Crawl Stone Soup version 0.30-a0-377-g5cb311bc9f (webtiles) character file.

Game seed: 12490095551808442190

1352 flotson the Trooper (level 8, -2/55 HPs)
             Began as a Demonspawn Delver on Nov 29, 2022.
             Was a Priest of Hepliaklqana.
             Slain by a boulder beetle (13 damage)
             ... on level 6 of the Dungeon.
             The game lasted 00:08:12 (3844 turns).

flotson the Trooper (Demonspawn Delver)             Turns: 3844, Time: 00:08:13

Health: -2/55      AC:  7    Str: 14    XL:     8   Next: 36%
Magic:  11/11      EV: 13    Int: 11    God:    Hepliaklqana [***...]
Gold:   291        SH: 16    Dex: 16    Spells: 7/7 levels left

rFire   . . .      SeeInvis +    H - +0 trident
rCold   . . .      Faith    .    D - +0 tower shield
rNeg    . . .      Spirit   .    I - +0 steam dragon scales
rPois   .          Reflect  .    a - +1 hat
rElec   .          Harm     .    (no cloak)
rCorr   .          Rampage  .    (no gloves)
Will    .....                    m - +0 pair of boots
Stlth   +++.......               s - amulet of regeneration
HPRegen 1.09/turn                q - +4 ring of evasion
MPRegen 0.12/turn                B - ring of see invisible

@: no status effects
A: reduced essence, large bone plates 1, ignite blood 2, spiny 3
a: Renounce Religion, Recall Ancestor, Ancestor Identity, Transference


You were on level 6 of the Dungeon.
You worshipped Hepliaklqana.
Hepliaklqana was most pleased with you.
You visited 2 branches of the dungeon, and saw 7 of its levels.

You collected 291 gold pieces.

Inventory:

Hand Weapons
 b - a +0 war axe
 H - a +0 trident (weapon)
Missiles
 j - 5 boomerangs (quivered)
 C - 5 poisoned darts
Armour
 a - a +1 hat (worn)
 m - a +0 pair of boots (worn)
 D - a +0 tower shield (worn)
 I - +0 steam dragon scales (worn)
Jewellery
 q - a +4 ring of evasion (left hand)
 s - an amulet of regeneration (around neck)
 B - a ring of see invisible (right hand)
Wands
 g - a wand of digging (3)
 o - a wand of roots (10)
 E - a wand of light (12)
Scrolls
 c - a scroll of fog
 d - 3 scrolls of magic mapping
 e - 7 scrolls of identify {unknown}
 h - a scroll of blinking {unknown}
 k - a scroll of brand weapon {unknown}
 l - 3 scrolls of vulnerability {unknown}
 p - 2 scrolls of immolation {unknown}
 w - a scroll of enchant weapon {unknown}
 y - 3 scrolls of noise {unknown}
 z - 3 scrolls of teleportation {unknown}
Potions
 f - 4 potions of haste
 r - 3 potions of degeneration {unknown}
 t - 3 potions of flight {unknown}
 u - a potion of heal wounds {unknown}
 v - 3 potions of curing {unknown}
 x - a potion of mutation {unknown}
 F - a potion of attraction {unknown}
 G - a potion of berserk rage {unknown}


   Skills:
 + Level 5.0 Fighting
 - Level 1.7 Polearms
 + Level 3.2 Throwing
 + Level 3.5 Armour
 + Level 4.0 Dodging
 - Level 4.5 Stealth
 + Level 2.0 Shields
 + Level 4.9 Invocations
 + Level 3.8 Evocations


You had 7 spell levels left.
You didn't know any spells.
Your spell library contained the following spells:

 Spells                   Type           Power      Damage    Failure   Level
 Cigotuvi's Dreadful Rot  Necr/Pois/Air  0%         N/A       100%        2
 Poisonous Vapours        Pois/Air       0%         N/A       100%        2
 Mephitic Cloud           Conj/Pois/Air  0%         N/A       100%        3
 Ozocubu's Armour         Ice            0%         N/A       100%        3
 Metabolic Englaciation   Hex/Ice        0%         N/A       100%        5
 Yara's Violent Unravell  Hex/Tmut       0%         3d3       100%        5
 Simulacrum               Ice/Necr       0%         N/A       100%        6
 Enfeeble                 Hex            0%         N/A       100%        7


Dungeon Overview and Level Annotations

Branches:
Dungeon (6/15)             Temple (1/1) D:4

Altars:
Ashenzari
Gozag
Hepliaklqana
Kikubaaqudgha
Makhleb
Nemelex Xobeh
Okawaru
Ru
Sif Muna
Uskayaw
Vehumet
Xom


Innate Abilities, Weirdness & Mutations

Your life essence is reduced to manifest your ancestor. (-10% HP)
You are partially covered in large bone plates. (SH +4)
Your demonic aura often causes spilled blood to erupt in flames.
You are completely covered in sharp spines.


Message History

Aiming: Charm
Press: ? - help, Shift-Dir - straight line, f/p - boulder beetle
Aim: a boulder beetle (lightly wounded, chance to affect: 41%)
The boulder beetle resists with some effort.
You block the boulder beetle's attack.
Aiming: Charm
Press: ? - help, Shift-Dir - straight line, f/p - boulder beetle
Aim: a boulder beetle (lightly wounded, chance to affect: 41%)
The boulder beetle resists with some effort.
The now-empty wand crumbles to dust.
The boulder beetle closely misses you.
Okay, then.
Aiming: Fastroot
Press: ? - help, Shift-Dir - straight line, f/p - boulder beetle
Aim: a boulder beetle (lightly wounded)
Okay, then.
Unknown command.
The boulder beetle curls into a ball and begins rolling!
Aiming: Fastroot
Press: ? - help, Shift-Dir - straight line, f/p - boulder beetle
Aim: a boulder beetle (lightly wounded, rolling)
The roots erupt in riotous growth!
Roots grab the boulder beetle.
Roots grab the two-headed ogre.
The grasping roots constrict the two-headed ogre!
The grasping roots constrict the boulder beetle.
The boulder beetle struggles to escape constriction. x2
The grasping roots constrict the two-headed ogre.
The grasping roots constrict the boulder beetle!
The roots release their grip on the boulder beetle.
The two-headed ogre escapes!
The boulder beetle misses you.
The boulder beetle stops rolling and uncurls.
The boulder beetle curls into a ball and begins rolling!
The boulder beetle is struck by your spines.
The boulder beetle hits you!!!
Ouch! That really hurt!
* * * LOW HITPOINT WARNING * * *
The boulder beetle stops rolling and uncurls.
The boulder beetle attacks as you move away!
The boulder beetle bites you!
You die...

.####...# #.# #.#
#.# .## ##### #.#
#.# #.#
..##########.###.#
#.#
.................#
#..
.######.########.#
### #######.# #O#
........#
#°########
#########
#B☼.......
#@######## #.#
##### #.# ##...##
#.# ####.....# #.#
.........# #>###
####.....# #...#
##...## ####.#
##.## ##.##.#


You could see a boulder beetle and a two-headed ogre.

Vanquished Creatures
  A steam dragon (D:6)
  3 ogres
  A bullfrog (D:6)
  A scorpion (D:5)
  3 jellies
  An orc priest (D:4)
  4 hounds
  Jessica (D:3)
  An iguana (D:6)
  An orc wizard (D:5)
  6 gnolls
  6 adders
  3 worms
  2 dart slugs (D:2)
  6 orcs
  5 endoplasms
  A giant cockroach (D:4)
  4 goblins
  10 hobgoblins
  4 jackals (D:5)
  3 quokkas
  4 ball pythons
  2 bats (D:1)
  6 frilled lizards
  9 kobolds
  2 rats
90 creatures vanquished.

Vanquished Creatures (collateral kills)
  A black bear (D:5)
  An ice beast (D:6)
  A bullfrog (D:6)
  An iguana (D:6)
  An orc wizard (D:5)
  2 gnolls (D:5)
  An adder (D:4)
  A worm (D:2)
  3 orcs (D:4)
  2 endoplasms (D:2)
  A giant cockroach (D:1)
  A hobgoblin (D:4)
  A ball python (D:4)
17 creatures vanquished.

Vanquished Creatures (others)
  A battlemage (D:6)
  A plant (D:2)
  2 withered plants (D:2)
4 creatures vanquished.

Grand Total: 111 creatures vanquished

Notes
Turn   | Place    | Note
-------+----------+-------------------------------------------
     0 | D:5      | flotson the Demonspawn Delver began the quest for the Orb.
     0 | D:5      | Reached XP level 1. HP: 18/18 MP: 1/1
   201 | D:4      | Gained mutation: You are partially covered in sharp spines.
                  | [demonic ancestry]
   201 | D:4      | Reached XP level 2. HP: 24/24 MP: 2/2
   241 | D:4      | Reached skill level 1 in Evocations
   279 | D:4      | Found a staircase to the Ecumenical Temple.
   293 | Temple   | Entered the Ecumenical Temple
   300 | Temple   | Became a worshipper of Hepliaklqana the Forgotten
   413 | D:3      | Reached skill level 1 in Armour
   413 | D:3      | Gained mutation: You are mostly covered in sharp spines.
                  | [demonic ancestry]
   413 | D:3      | Reached XP level 3. HP: 19/29 MP: 3/3
   650 | D:1      | Reached skill level 1 in Invocations
   951 | D:1      | Reached * piety under Hepliaklqana
  1353 | D:2      | Gained mutation: Your demonic aura sometimes causes spilled
                  | blood to erupt in flames. [demonic ancestry]
  1353 | D:2      | Reached XP level 4. HP: 29/31 MP: 4/4
  1606 | D:2      | Found a faded altar of an unknown god.
  1927 | D:3      | Reached skill level 1 in Throwing
  2006 | D:3      | Reached XP level 5. HP: 36/36 MP: 6/6
  2133 | D:3      | Noticed Jessica
  2139 | D:3      | Killed Jessica
  2173 | D:3      | Reached ** piety under Hepliaklqana
  2175 | D:3      | Remembered your ancestor Necuametl as a battlemage
  2469 | D:4      | Gained mutation: You are completely covered in sharp
                  | spines. [demonic ancestry]
  2469 | D:4      | Reached XP level 6. HP: 29/43 MP: 7/7
  2517 | D:4      | Reached skill level 4 in Fighting
  2690 | D:4      | Found an ancient bone altar of Kikubaaqudgha.
  2907 | D:5      | Gained mutation: You are partially covered in large bone
                  | plates. (SH +4) [demonic ancestry]
  2907 | D:5      | Reached XP level 7. HP: 48/48 MP: 9/9
  3049 | D:5      | Found a hide-covered altar of Uskayaw.
  3096 | D:5      | Found a shimmering altar of Xom.
  3122 | D:5      | Found a shimmering blue altar of Sif Muna.
  3312 | D:5      | Reached skill level 1 in Shields
  3326 | D:5      | Found a sparkling altar of Nemelex Xobeh.
  3516 | D:6      | Noticed a steam dragon
  3520 | D:6      | Killed a steam dragon
  3521 | D:6      | Gained mutation: Your demonic aura often causes spilled
                  | blood to erupt in flames. [demonic ancestry]
  3521 | D:6      | Reached XP level 8. HP: 54/54 MP: 11/11
  3608 | D:6      | Reached *** piety under Hepliaklqana
  3716 | D:6      | Reached skill level 5 in Fighting
  3794 | D:6      | Noticed a two-headed ogre
  3794 | D:6      | Noticed a boulder beetle
  3844 | D:6      | Slain by a boulder beetle

Illustrated notes

Levels and vault maps discovered:
D:1:      onia_arrival_pentagram, layout_basic, serial_corexii_hall,
          corexii_hall_statues_l, corexii_hall_statues_l
D:2:      layout_basic, shapermc_ecumenical_altar_flowoftime,
          chequers_serial_rivers_room_a, minmay_hedge_maze
D:3:      layout_loops_ring, cheibrodos_gnoll_hut, uniq_jessica
D:4:      minmay_wonky_spiral, layout_rooms, overflow_temple_1_default,
          temple_statues, serial_glass, glass_columns_a, glass_columns_a
D:5:      layout_basic, nemelex_dance_club_becter, led_sif_book,
          nicolae_uskayaw_dance_hall, mainiacjoe_overflow_chevrons,
          minmay_misc_feat_secret_circle
D:6:      layout_loops_ring, kb_rosetta
Temple:   nicolae_temple_ecumenical_triangle

Skill      XL: |  1  2  3  4  5  6  7  8 |
---------------+-------------------------+-----
Dodging        | 2 3 4 |  4.0
Evocations     | 1 2 3 |  3.8
Armour         | 1 2 3 |  3.5
Invocations    | 1 2 3 4 |  4.9
Throwing       | 1 2 3 |  3.2
Fighting       | 4 5 |  5.0
Shields        | 1 2 |  2.0
Polearms       | |  1.7
Stealth        | |  4.5

Action                   |  1- 3 |  4- 6 |  7- 9 || total
-------------------------+-------+-------+-------++-------
Melee: Spear             |    24 |       |       ||    24
       War axe           |    44 |    64 |     7 ||   115
       Punch             |     1 |       |       ||     1
       Trident           |       |       |    38 ||    38
Invok: Recall Ancestor   |       |     1 |       ||     1
       Ancestor Life: Ba |       |     1 |       ||     1
Evoke: Wand              |       |       |     7 ||     7
  Use: Scroll            |     1 |       |     1 ||     2
 Stab: Distracted        |       |     2 |       ||     2
       Sleeping          |       |       |     2 ||     2
Armor: Scale mail        |    18 |    12 |     7 ||    37
       Leather armour    |     1 |       |       ||     1
       Steam dragon scal |       |       |     3 ||     3
Dodge: Dodged            |    49 |    42 |    17 ||   108
Block: Tower shield      |       |       |    35 ||    35

Table legend: (Time is in decaauts)
 A = Elapsed time spent in this place.
 B = Non-inter-level travel time spent in this place.
 C = Inter-level travel time spent in this place.
 D = Time resting spent in this place.
 E = Time spent auto-exploring this place.
 F = Levels seen in this place.
 G = Mean time per level.
                   A        B        C        D        E       F      G
               +--------+--------+--------+--------+--------+-----+--------+
         Total |   3927 |   3642 |    285 |    103 |   2702 |   7 |  561.0 |
       Dungeon |   3889 |   3604 |    285 |     78 |   2702 |   6 |  648.2 |
        Temple |     37 |     37 |      0 |     25 |      0 |   1 |   37.0 |
               +--------+--------+--------+--------+--------+-----+--------+

Top non-repeatable levels by time:
     D:1: 784 daAuts
     D:5: 769 daAuts
     D:3: 713 daAuts
     D:2: 620 daAuts
     D:4: 588 daAuts
     D:6: 412 daAuts
  Temple: 37 daAuts
